 Dungeon Crawl Stone Soup version 0.29-a0-356-g7bc237e783 (webtiles) character file.

Game seed: 10013194066951677516

132 spaghetti the Caller (level 4, -5/30 HPs)
             Began as a Demonspawn Summoner on Apr 25, 2022.
             Was a Believer of Vehumet.
             Slain by an orc priest
             ... wielding a +0 mace
              (6 damage)
             ... on level 3 of the Dungeon.
             The game lasted 00:05:43 (4101 turns).

spaghetti the Caller (Demonspawn Summoner)          Turns: 4101, Time: 00:05:44

Health: -5/30      AC:  2    Str:  9    XL:     4   Next: 92%
Magic:  5/7        EV: 12    Int: 18    God:    Vehumet [**....]
Gold:   92         SH:  0    Dex: 13    Spells: 3/7 levels left

rFire   . . .      SeeInvis .   h - +3 dagger {short}
rCold   . . .      Faith    .   (no shield)
rNeg    . . .      Spirit   .   a - +0 robe
rPois   .          Reflect  .   (no helmet)
rElec   .          Harm     .   (no cloak)
rCorr   .          Rampage  .   (no gloves)
Will    .....                   (boots unavailable)
Stlth   ++........              (no amulet)
HPRegen 0.10/turn               (no ring)
MPRegen 0.10/turn               (no ring)

@: attractive, flying
A: hooves 3
a: Renounce Religion


You were on level 3 of the Dungeon.
You worshipped Vehumet.
Vehumet was pleased with you.
You visited 1 branch of the dungeon, and saw 3 of its levels.

You collected 92 gold pieces.


Innate Abilities, Weirdness & Mutations

You have hooves in place of feet.


   Skills:
 - Level 1.7 Dodging
 - Level 1.7 Stealth
 - Level 2.0 Spellcasting
 + Level 6.3 Summonings


You had 3 spell levels left.
You knew the following spells:

 Your Spells              Type           Power      Damage    Failure   Level
a - Summon Small Mammal   Summ           96%        N/A       1%          1
b - Foxfire               Conj/Fire      4%         2x1d4     19%         1
c - Call Imp              Summ           24%        N/A       1%          2

Your spell library contained the following spells:

 Spells                   Type           Power      Damage    Failure   Level
 Poisonous Vapours        Pois/Air       2%         N/A       26%         2
 Call Canine Familiar     Summ           24%        N/A       4%          3
 Summon Guardian Golem    Hex/Summ       13%        N/A       16%         3
 Apportation              Tloc           2%         N/A       19%         1
 Summon Lightning Spire   Summ/Air       13%        N/A       45%         4
 Alistair's Intoxication  Tmut/Pois      0%         N/A       99%         5

Inventory:

Hand Weapons
 c - a +0 club {mace}
   (You took it off a kobold on level 1 of the Dungeon)
 h - a +3 dagger (weapon) {short}
   (You found it on level 1 of the Dungeon)
Missiles
 g - 77 stones {throwing}
 i - 3 poisoned darts {throwing}
Armour
 a - a +0 robe (worn)
Scrolls
 d - 3 scrolls of holy word {unknown}
 e - 4 scrolls of identify {unknown}
 l - a scroll of teleportation {unknown}

Dungeon Overview and Level Annotations

Branches:
Dungeon (3/15)

Altars:
Vehumet

...# ......#ยง#
####.##########
#.######
............#
#)โ€ ....#
.###.######.#
#....### +###.#
#.# #....#
.....#
##.#####ยง...#
.....#
#...........#
.....#
#.....r.o...#
.....#
#.....r@B...#
....##
#.......5...#
....#
##+########.#
....#### .#
........ .#
........
........
........
........


You could see an orc priest, a river rat, a giant cockroach (ally target), a rat
and a friendly white imp (summoned).


Message History

Your crimson imp hits the giant cockroach.
The giant cockroach dies!
Vehumet accepts your kill.
The orc closely misses your crimson imp.
Your crimson imp hits the orc. ๐Ÿ˜• HP[+1]
The orc misses your crimson imp.
Your crimson imp hits the orc.
The orc misses your crimson imp.
Your crimson imp is smitten.
Your crimson imp dies!
Your crimson imp disappears in a puff of smoke!
Casting: Foxfire (safe; 19% risk of failure)
Confirm with . or Enter, or press ? or * to list all spells.
You conjure some foxfire! ๐Ÿ˜• MP[-1]
You lost 1 mp, and now have 0/7 mp.
Unknown command.
You hear the rusting of a drain very nearby.
The foxfire hits the orc.
The foxfire hits the orc.
You kill the orc!
Vehumet accepts your kill.
A puff of flame appears from out of thin air!
The puff of flame hits you. ๐Ÿ˜ฎ HP[-6]
You take 6 damage, and now have 19/30 hp.
You are confused.
It was a potion of attraction.
You feel attractive to monsters.
An orc priest comes into view. It is wielding a +0 mace.
Something is attracted toward you.
The orc priest is attracted toward you. ๐Ÿ˜ฎ MP[+1] It was a potion of flight.
You feel very buoyant.
You fly up into the air.
The orc priest shouts!
Something is attracted toward you. The orc priest is attracted toward you.
You feel much better. Something barely misses you.
The giant cockroach is attracted toward you. ๐Ÿ˜Ž HP[+11]
Your hp is fully restored (30).
You're too confused to cast spells.
Unknown command.
Unknown command.
You barely miss something. Your kick misses something. Something hits you.
The orc priest barely misses you.
The rat is attracted toward you. ๐Ÿ˜• HP[-1]
You take 1 damage, and now have 29/30 hp.
Something hits you.
You feel less confused.
The rat is attracted toward you. ๐Ÿ˜• HP[-4]
You take 4 damage, and now have 25/30 hp.
Unknown command.
Unknown command.
You hit the orc priest. Something hits you. The orc priest misses you.
The giant cockroach is attracted toward you.
The river rat is attracted toward you. ๐Ÿ˜• HP[-2]
You take 2 damage, and now have 23/30 hp.
Unknown command.
Casting: Foxfire (safe; 19% risk of failure)
Confirm with . or Enter, or press ? or * to list all spells.
You conjure some foxfire!
The giant cockroach bites you. Something hits you.
The orc priest closely misses you.
The river rat is attracted toward you. ๐Ÿ˜ฎ HP[-5] MP[-1]
You take 5 damage, and now have 18/30 hp.
You lost 1 mp, and now have 0/7 mp.
Unknown command.
You hit the orc priest but do no damage.
The foxfire hits the giant cockroach but does no damage. x2
The giant cockroach closely misses you. The rat closely misses you.
The giant cockroach closely misses you.
The orc priest mumbles some strange prayers to Beogh against you.
Beogh smites you!
* * * LOW HITPOINT WARNING * * *
Something hits you but does no damage. ๐Ÿ˜ฑ HP[-13]
You take 13 damage, and now have 5/30 hp.
MASSIVE DAMAGE!! (PAUSE) Unknown command.
Okay, then.
Okay, then.
Okay, then.
Magic courses through your body. The giant cockroach barely misses you.
Something hits you.
* * * LOW HITPOINT WARNING * * *
The orc priest barely misses you. ๐Ÿ˜ฑ HP[-2] MP[+7]
You take 2 damage, and now have 3/30 hp.
Your mp is fully restored (7).
Casting: Foxfire (safe; 19% risk of failure)
Confirm with . or Enter, or press ? or * to list all spells.
A beastly little devil appears in a puff of frigid air.
The rat bites you.
* * * LOW HITPOINT WARNING * * *
The giant cockroach barely misses you. Something hits you.
* * * LOW HITPOINT WARNING * * *
The orc priest hits you with a +0 mace.
You die...

Skill      XL: |  1  2  3  4 |
---------------+-------------+-----
Summonings     | 5 6 |  6.3
Dodging        | |  1.7
Stealth        | |  1.7
Spellcasting   | |  2.0

Action                   |  1- 3 |  4- 6 || total
-------------------------+-------+-------++-------
Melee: Club              |    20 |       ||    20
       Kick              |     2 |     7 ||     9
       Dagger            |       |    19 ||    19
 Cast: Summon Small Mamm |    17 |       ||    17
       Foxfire           |    43 |    48 ||    91
       Call Imp          |    12 |     6 ||    18
  Use: Potion            |       |     5 ||     5
 Stab: Distracted        |       |     1 ||     1
       Sleeping          |       |     1 ||     1
Armor: Robe              |     4 |     9 ||    13
Dodge: Dodged            |    28 |    24 ||    52

Levels and vault maps discovered:
D:1:      dpeg_arrival_rooms_c, layout_loops_corners,
          ebering_ecumenical_altar_hall
D:2:      layout_basic, uniq_jessica
D:3:      layout_basic, portal_sewer_entry_b

Notes
Turn   | Place    | Note
-------+----------+-------------------------------------------
     0 | D:1      | spaghetti the Demonspawn Summoner began the quest for the
                  | Orb.
     0 | D:1      | Reached XP level 1. HP: 13/13 MP: 3/3
     0 | D:1      | magus.rc [v1.9.6]
    18 | D:1      | You pick up a book of Party Tricks and begin reading...
    18 | D:1      | You add the spells Apportation and Alistair's Intoxication
                  | to your library.
    26 | D:1      | Found a faded altar of an unknown god.
    70 | D:1      | Prayed at the altar of an unknown god.
    70 | D:1      | Became a worshipper of Vehumet
    70 | D:1      | Reached * piety under Vehumet
    70 | D:1      | Offered knowledge of Foxfire by Vehumet.
   680 | D:1      | You feel monstrous as your demonic heritage exerts itself.
   680 | D:1      | Discovered your monstrous ancestry.
   680 | D:1      | Gained mutation: You have large cloven feet. [demonic
                  | ancestry]
   680 | D:1      | Reached XP level 2. HP: 13/19 MP: 1/5
   873 | D:1      | Learned a level 1 spell: Foxfire
   877 | D:1      | Learned a level 2 spell: Call Imp
  1757 | D:1      | Reached skill level 5 in Summonings
  1817 | D:1      | Gained mutation: You have hoof-like feet. [demonic
                  | ancestry]
  1817 | D:1      | Reached XP level 3. HP: 24/24 MP: 3/6
  2510 | D:2      | Noticed Jessica
  2525 | D:2      | Killed Jessica
  2526 | D:2      | Gained mutation: You have hooves in place of feet. [demonic
                  | ancestry]
  2526 | D:2      | Reached XP level 4. HP: 30/30 MP: 1/7
  2939 | D:2      | Reached ** piety under Vehumet
  2939 | D:2      | Offered knowledge of Poisonous Vapours by Vehumet.
  3768 | D:2      | Reached skill level 6 in Summonings
  4099 | D:3      | HP: 5/30 [orc priest/divine providence (13)]
  4101 | D:3      | HP: 2/30 [rat (1)]
  4101 | D:3      | Slain by an orc priest

Vanquished Creatures
  Jessica (D:2)
  An adder (D:2)
  2 worms (D:2)
  2 dart slugs
  2 orcs (D:3)
  3 bats (D:2)
  An endoplasm (D:3)
  5 giant cockroaches
  6 goblins
  A hobgoblin (D:2)
  2 kobolds (D:1)
  A quokka (D:3)
  5 ball pythons
  A frilled lizard (D:2)
  6 rats
39 creatures vanquished.

Vanquished Creatures (collateral kills)
  2 adders
  A river rat (D:3)
  2 endoplasms (D:1)
  A giant cockroach (D:3)
  A goblin (D:2)
  3 hobgoblins (D:1)
  2 ball pythons
  A bat (D:1)
  2 frilled lizards
  A kobold (D:1)
  4 rats
20 creatures vanquished.

Vanquished Creatures (others)
  158 foxfires
158 creatures vanquished.

Grand Total: 217 creatures vanquished

Table legend:
 A = Non-vault XP
 B = Vault XP
 C = Vault XP percentage of total XP
 D = Non-vault monster count
 E = Vault monster count
 F = Vault count percentage of total count
                 A         B        C        D         E       F
            +---------+---------+-------+---------+---------+-------
      Total |     132 |      57 |  30.2 |      53 |       6 |  10.2
            +---------+---------+-------+---------+---------+-------
        D:1 |      42 |       0 |   0.0 |      26 |       0 |   0.0
        D:2 |      64 |      37 |  36.6 |      20 |       1 |   4.8
        D:3 |      26 |      20 |  43.5 |       7 |       5 |  41.7
            +---------+---------+-------+---------+---------+-------

Illustrated notes

Table legend:
 A = Kills in this place as a percentage of kills in entire the game.
 B = Kills by you in this place as a percentage of kills by you in the entire game.
 C = Kills by friends in this place as a percentage of kills by friends in the entire game.
 D = Other kills in this place as a percentage of other kills in the entire game.
 E = Experience gained in this place as a percentage of experience gained in the entire game.
 F = Experience gained in this place divided by the number of levels of this place that you have seen.
                   A       B       C       D       E      F
               +-------+-------+-------+-------+-------+----------------------
         Total | 100.0 | 100.0 | 100.0 |   N/A | 100.0 |  63.0
       Dungeon | 100.0 | 100.0 | 100.0 |   N/A | 100.0 |  63.0
               +-------+-------+-------+-------+-------+----------------------

Table legend: (Time is in decaauts)
 A = Elapsed time spent in this place.
 B = Non-inter-level travel time spent in this place.
 C = Inter-level travel time spent in this place.
 D = Time resting spent in this place.
 E = Time spent auto-exploring this place.
 F = Levels seen in this place.
 G = Mean time per level.
                   A        B        C        D        E       F      G
               +--------+--------+--------+--------+--------+-----+--------+
         Total |   4105 |   4032 |     73 |    193 |   3403 |   3 | 1368.3 |
       Dungeon |   4105 |   4032 |     73 |    193 |   3403 |   3 | 1368.3 |
               +--------+--------+--------+--------+--------+-----+--------+

Top non-repeatable levels by time:
     D:1: 2095 daAuts
     D:2: 1795 daAuts
     D:3: 214 daAuts
